 Dungeon Crawl Stone Soup version 0.25.1-2-g60ff931df9 (webtiles) character file.

Game seed: 51930317967346395

2088 H0rd4k the Thaumaturge (level 9, -3/45 HPs)
             Began as a Deep Elf Wizard on Nov 3, 2020.
             Was an Initiate of Gozag.
             Slain by a killer bee (5 damage)
             ... on level 6 of the Dungeon.
             The game lasted 00:13:53 (9886 turns).

H0rd4k the Thaumaturge (Deep Elf Wizard)            Turns: 9886, Time: 00:13:53

Health: -3/45      AC:  3    Str:  4    XL:     9   Next: 6%
Magic:  35/35      EV: 13    Int: 27    God:    Gozag
Gold:   496        SH:  0    Dex: 13    Spells: 21/30 levels left

rFire    . . .     SeeInvis +   r - +1 dagger (venom)
rCold    . . .     Gourm    .   (no shield)
rNeg     . . .     Faith    .   a - +0 robe
rPois    .         Spirit   .   b - +0 hat
rElec    .         Reflect  .   (no cloak)
rCorr    .         Harm     .   (no gloves)
MR       .....                  o - +0 pair of boots
Stlth    +++.......             (no amulet)
HPRegen  0.15/turn              w - ring of magical power
MPRegen  0.24/turn              p - ring of see invisible

@: lethally poisoned (-3 -> -9), very slightly contaminated, hasted, invisible,
very quick
A: no striking features
a: Potion Petition, Call Merchant, Bribe Branch, Renounce Religion


You were on level 6 of the Dungeon.
You worshipped Gozag.
Gozag was aware of your devotion.
You were very hungry.

You visited 2 branches of the dungeon, and saw 8 of its levels.

You collected 641 gold pieces.
You paid 145 gold pieces to Gozag.

Inventory:

Hand Weapons
 r - a +1 dagger of venom (weapon)
Armour
 a - a +0 robe (worn)
 b - a +0 hat (worn)
 o - a +0 pair of boots (worn)
Jewellery
 p - a ring of see invisible (right hand)
 q - an uncursed ring of resist corrosion
 w - a ring of magical power (left hand)
Wands
 u - a wand of polymorph (9)
 v - a wand of random effects (7)
 y - a wand of acid (9)
Scrolls
 g - 3 scrolls of magic mapping
 j - 3 scrolls of teleportation {unknown}
 k - 3 scrolls of fear {unknown}
 m - 3 scrolls of enchant weapon {unknown}
 n - a scroll of amnesia {unknown}
 t - a scroll of noise {unknown}
 x - a scroll of fog {unknown}
Potions
 c - 2 potions of degeneration
 e - a potion of invisibility
 h - a potion of stabbing {unknown}
 i - a potion of heal wounds {unknown}
 s - 2 potions of resistance
 z - a potion of brilliance
Comestibles
 d - 13 rations


   Skills:
 + Level 3.7 Dodging
 + Level 4.2 Stealth
 + Level 11.4 Spellcasting
 + Level 7.5 Conjurations
   Level 1.1 Summonings
 + Level 1.9 Translocations
 + Level 2.1 Fire Magic
 + Level 1.4 Air Magic
 + Level 1.3 Poison Magic


You had 21 spell levels left.
You knew the following spells:

 Your Spells              Type           Power        Failure   Level  Hunger
a - Magic Dart            Conj           ####         1%          1    None
b - Blink                 Tloc           N/A          2%          2    None
c - Conjure Flame         Conj/Fire      #####...     1%          3    None
d - Mephitic Cloud        Conj/Pois/Air  ####....     2%          3    None

Your spell library contained the following spells:

 Spells                   Type           Power        Failure   Level  Hunger
 Call Imp                 Summ           ###.....     3%          2    None
 Slow                     Hex            ###.....     5%          2    None


Dungeon Overview and Level Annotations

Branches:
Dungeon (7/15)             Temple (1/1) D:5

Altars:
Dithmenos
Elyvilon
Gozag
Kikubaaqudgha
Okawaru
Ru
Vehumet
Yredelemnul
Zin

Annotations:
D:4 exclusion: downstairs
D:5 exclusion: downstairs
D:7 exclusion: upstairs


Message History

This staircase is marked as excluded!
Enter next level anyway?
The killer bee stings you! x2
* * * LOW HITPOINT WARNING * * *
You are more poisoned.
The killer bee poisons you!
You climb upwards.
* * * LOW HITPOINT WARNING * * *
You feel sick.
There is a stone staircase leading down, spattered with blood here.
It was a potion of invisibility.
You fade into invisibility!
You are very lightly contaminated with residual magic.
* * * LOW HITPOINT WARNING * * *
You feel sick.
It was a potion of haste.
You feel yourself speed up.
* * * LOW HITPOINT WARNING * * *
You feel sick. The killer bee stings you.
You die...
Your body crumbles into a pile of gold.

#.#.....#.......# #.####...#.####
#.#...........### #..............
..#######.##############.###...#.
####.........................#.#.
####.####.######.....###...#.#.#.
......# #......#...........#.#.#.
###...# ######.#......######.#.#.
#...# #.#.y...........#.#.
###...# #.#@#......######.#.
..##### #.#.#.#....#......#. ..#
#..........#.######. ..####
###.#.#.#..#.#### #. .....#
#######.#......#.##≈# #. ....<#
#.......###.##.#.##≈###≈ .....#
#...###........#.≈≈≈..≈≈ #....#
#...#........#.≈≈..#.≈≈. ##.###
#.###.#.###..###≈≈##.##.


You could see a killer bee.

Vanquished Creatures
  A hippogriff (D:7)
  Menkaure (D:5)
  A water moccasin (D:5)
  Duvessa (D:6)
  2 phantoms
  3 ogres (D:4)
  A hornet zombie (D:6)
  A centaur (D:5)
  A bullfrog (D:6)
  Dowan (D:6)
  A scorpion (D:6)
  4 howler monkeys
  A crimson imp (D:5)
  A bullfrog zombie (D:4)
  A gnoll shaman (D:3)
  A hound (D:5)
  An orc priest (D:7)
  3 orc wizards
  Ijyb (D:6)
  5 worker ants
  A hound skeleton (D:6)
  7 gnolls
  11 adders
  A howler monkey skeleton (D:5)
  A shadow imp (D:6)
  2 oozes
  3 worms
  2 dart slugs
  6 leopard geckos
  9 orcs
  7 bats
  5 giant cockroaches
  8 goblins
  6 hobgoblins
  3 jackals
  5 kobolds
  3 quokkas
  4 ball pythons
  2 ball python skeletons
  9 frilled lizards
  2 quokka skeletons
  8 rats
137 creatures vanquished.

Notes
Turn   | Place    | Note
-------+----------+-------------------------------------------
     0 | D:1      | H0rd4k the Deep Elf Wizard began the quest for the Orb.
     0 | D:1      | Reached XP level 1. HP: 10/10 MP: 7/7
   333 | D:1      | Reached skill level 5 in Spellcasting
   333 | D:1      | Reached XP level 2. HP: 15/15 MP: 2/10
  1201 | D:2      | Reached XP level 3. HP: 19/19 MP: 9/11
  1212 | D:2      | Learned a level 2 spell: Blink
  1216 | D:2      | Learned a level 3 spell: Conjure Flame
  1220 | D:2      | Learned a level 3 spell: Mephitic Cloud
  1803 | D:2      | Reached skill level 1 in Poison Magic
  1803 | D:2      | Reached XP level 4. HP: 24/24 MP: 9/13
  1975 | D:2      | Reached skill level 1 in Air Magic
  2868 | D:3      | Reached skill level 6 in Spellcasting
  3309 | D:3      | Reached XP level 5. HP: 28/28 MP: 11/15
  3436 | D:3      | Reached skill level 1 in Fire Magic
  4231 | D:4      | Found a white marble altar of Elyvilon.
  4284 | D:4      | Found a sacrificial altar of Ru.
  4337 | D:4      | Noticed an ogre
  4352 | D:4      | Killed an ogre
  4352 | D:4      | Reached skill level 7 in Spellcasting
  4352 | D:4      | Reached XP level 6. HP: 32/32 MP: 9/18
  4884 | D:4      | Reached skill level 8 in Spellcasting
  4884 | D:4      | Reached XP level 7. HP: 27/36 MP: 1/20
  5257 | D:4      | Reached skill level 5 in Conjurations
  5698 | D:4      | Reached skill level 9 in Spellcasting
  5787 | D:5      | Entered Level 5 of the Dungeon
  6017 | D:6      | Noticed Dowan
  6429 | D:5      | Noticed Menkaure
  6442 | D:5      | Killed Menkaure
  6442 | D:5      | Reached XP level 8. HP: 22/41 MP: 12/23
  6654 | D:5      | Reached skill level 10 in Spellcasting
  6947 | D:5      | Found a staircase to the Ecumenical Temple.
  6973 | Temple   | Entered the Ecumenical Temple
  6992 | Temple   | Became a worshipper of Gozag Ym Sagoz the Greedy
  7044 | D:5      | Noticed Ijyb
  8083 | D:6      | Killed Ijyb
  8719 | D:6      | Noticed Duvessa
  8736 | D:6      | Reached skill level 11 in Spellcasting
  8739 | D:6      | Killed Duvessa
  9284 | D:6      | Killed Dowan
  9779 | D:7      | Noticed a hippogriff
  9791 | D:7      | Killed a hippogriff
  9791 | D:7      | Reached XP level 9. HP: 45/45 MP: 18/26
  9886 | D:6      | HP: 2/45 [poisoned by a killer bee]
  9886 | D:6      | Slain by a killer bee

Illustrated notes

Levels and vault maps discovered:
D:1:      lordsloth_arrival_two_stooges, layout_basic
D:2:      cheibrodos_helix_gallery, layout_basic
D:3:      layout_basic
D:4:      layout_gridville, nicolae_ru_sacrificial_ziggurat, elyvilon_altar_1,
          first_ration
D:5:      minmay_recursive_quarters, layout_cave_pods,
          minmay_temple_entry_stoned_glass, uniq_ijyb, uniq_menkaure
D:6:      layout_basic, serial_rivers, chequers_serial_rivers_large_a,
          chequers_serial_rivers_room_a, chequers_serial_rivers_room_b,
          chequers_serial_rivers_small_b, uniq_duvessa
D:7:      layout_loops_corners, lemuel_round_altar, uniq_crazy_yiuf_cottage,
          uniq_maggie
Temple:   eino_temple_scatter_basement

Skill      XL: |  1  2  3  4  5  6  7  8 |
---------------+-------------------------+-----
Spellcasting   | 5 6 7 8 9 11 | 11.4
Poison Magic   | 1 |  1.3
Air Magic      | 1 |  1.4
Conjurations   | 2 3 4 5 7 |  7.5
Fire Magic     | 1 2 |  2.1
Dodging        | 3 |  3.7
Stealth        | 3 4 |  4.2
Summonings     | |  1.1
Translocations | |  1.9

Action                   |  1- 3 |  4- 6 |  7- 9 || total
-------------------------+-------+-------+-------++-------
Melee: Unarmed           |       |     1 |       ||     1
 Cast: Magic Dart        |   101 |   193 |   228 ||   522
       Conjure Flame     |       |     3 |    14 ||    17
       Blink             |       |     1 |     9 ||    10
       Mephitic Cloud    |       |       |    10 ||    10
  Use: Scroll            |       |       |     4 ||     4
       Potion            |       |       |     2 ||     2
  Eat: Chunk             |     3 |     9 |     7 ||    19
       Ration            |       |       |     2 ||     2
Armor: Robe              |     2 |     3 |     6 ||    11
Dodge: Dodged            |    17 |    31 |    35 ||    83
